 Dungeon Crawl Stone Soup version 0.29.1-13-g9f3cf754e1 (webtiles) character file.

Game seed: 10694392850429615899

259 Thatpatchoflichen the Slasher (level 6, -1/62 HPs)
             Began as an Ogre Fighter on Jan 30, 2023.
             Slain by a phantom (3 damage)
             ... on level 3 of the Dungeon.
             The game lasted 00:09:25 (4562 turns).

Thatpatchoflichen the Slasher (Ogre Fighter)        Turns: 4562, Time: 00:09:25

Health: -1/62      AC:  3    Str: 21    XL:     6   Next: 17%
Magic:  6/6        EV:  9    Int: 15    God:
Gold:   253        SH: 13    Dex: 10    Spells: 5/5 levels left

rFire   . . .      SeeInvis .   a - +0 long sword
rCold   + . .      Faith    .   c - +0 kite shield
rNeg    . . .      Spirit   .   n - +0 robe
rPois   .          Reflect  +   (helmet restricted)
rElec   .          Harm     .   (no cloak)
rCorr   .          Rampage  .   (gloves unavailable)
Will    .....                   (boots unavailable)
Stlth   +.........              x - amulet of reflection
HPRegen 0.20/turn               o - +6 ring of intelligence
MPRegen 0.10/turn               m - ring of protection from cold

@: mighty
A: large, unfitting armour, tough skin 1
a: no special abilities


You were on level 3 of the Dungeon.
You visited 1 branch of the dungeon, and saw 4 of its levels.

You collected 325 gold pieces.
You spent 72 gold pieces at shops.

Inventory:

Hand Weapons
 a - a +0 long sword (weapon)
Missiles
 i - 20 poisoned darts
 j - 3 boomerangs
Armour
 c - a +0 kite shield (worn)
 n - a +0 robe (worn)
 y - an orb of energy
Jewellery
 g - a ring of wizardry
 h - an amulet of faith
 m - a ring of protection from cold (right hand)
 o - a +6 ring of intelligence (left hand)
 x - an amulet of reflection (around neck)
Scrolls
 b - a scroll of poison {unknown}
 e - a scroll of silence {unknown}
 f - a scroll of noise {unknown}
 l - 3 scrolls of identify (quivered)
 p - a scroll of enchant armour
 r - a scroll of immolation {unknown}
 u - a scroll of amnesia {unknown}
 w - a scroll of teleportation {unknown}
 z - a scroll of summoning {unknown}
 B - a scroll of blinking {unknown}
Potions
 d - a potion of might
 k - a potion of heal wounds {unknown}
 q - a potion of curing
 s - a potion of cancellation {unknown}
 t - a potion of mutation {unknown}
 v - a potion of flight {unknown}
 A - a potion of attraction {unknown}


   Skills:
 - Level 4.0 Fighting
 + Level 4.8 Long Blades
 + Level 3.4 Dodging
 + Level 3.7 Shields


You had 5 spell levels left.
You didn't know any spells.
Your spell library contained the following spells:

 Spells                   Type           Power      Damage    Failure   Level
 Sting                    Tmut/Pois      0%         1d3       54%         1
 Poisonous Vapours        Pois/Air       0%         N/A       67%         2
 Olgreb's Toxic Radiance  Pois           0%         N/A       99%         4


Dungeon Overview and Level Annotations

Branches:
Dungeon (4/15)
 Temple: D:4-7

Altars:
Dithmenos
Kikubaaqudgha
Nemelex Xobeh
Ru

Shops:
D:3 !


Innate Abilities, Weirdness & Mutations

You are too large for most types of armour.
You have tough skin. (AC +1)


Message History

The phantom blinks!
You blink.
The phantom hits you.
* * * LOW HITPOINT WARNING * * *
The phantom blinks!
You blink.
As you read the scroll labelled TYKKOXU ZUH AMIWU, it crumbles to dust.
It is a scroll of identify.
p - a scroll of enchant armour The phantom hits you.
* * * LOW HITPOINT WARNING * * *
You feel better. The phantom hits you.
* * * LOW HITPOINT WARNING * * *
You feel very mighty all of a sudden. The phantom barely misses you.
You slash the phantom!
You destroy the phantom!
You have reached level 6!
You feel stronger.
Found a stone staircase leading down.
The howler monkey hoots and howls with incredible vigour!
You hear a shout!
The howler monkey hoots and howls with incredible vigour!
The howler monkey hoots and howls with incredible vigour!
The howler monkey hoots and howls with incredible vigour!
The howler monkey barely misses you.
There is a stone staircase leading up here.
The howler monkey hits you!
* * * LOW HITPOINT WARNING * * *
The phantom hits you.
* * * LOW HITPOINT WARNING * * *
You block the howler monkey's attack.
You climb upwards.
There is a stone staircase leading down here.
You closely miss the howler monkey. The phantom hits you.
* * * LOW HITPOINT WARNING * * *
The howler monkey hoots and howls with incredible vigour!
You hit the phantom.
The phantom is moderately damaged.
The howler monkey hits you.
* * * LOW HITPOINT WARNING * * *
The phantom hits you.
You die...

###########
####.........#
####............##
#@W#....#.........
#h...._.#..PP...##
#.......#..PP...#
#.##.####..PP...#
#.##.......PP...##
#.##.......PP.....
#.....PPPPPPP.....
#.....PPPPPPP.....
#.................


You could see a phantom and a howler monkey.

Vanquished Creatures
  A phantom (D:4)
  An orc priest (D:3)
  An orc wizard (D:3)
  6 adders
  A worm (D:3)
  A dart slug (D:2)
  4 orcs
  10 bats
  6 endoplasms
  2 giant cockroaches (D:1)
  5 goblins
  7 hobgoblins
  6 quokkas
  4 ball pythons
  2 frilled lizards (D:3)
  6 kobolds
  4 rats
67 creatures vanquished.

Notes
Turn   | Place    | Note
-------+----------+-------------------------------------------
     0 | D:1      | Thatpatchoflichen the Ogre Fighter began the quest for the
                  | Orb.
     0 | D:1      | Reached XP level 1. HP: 24/24 MP: 1/1
   408 | D:1      | Reached XP level 2. HP: 32/32 MP: 2/2
  1258 | D:1      | Reached XP level 3. HP: 34/39 MP: 3/3
  2068 | D:1      | Reached XP level 4. HP: 17/48 MP: 4/4
  2376 | D:2      | Found a faded altar of an unknown god.
  2685 | D:4      | Noticed a phantom
  2685 | D:4      | Noticed a phantom
  2709 | D:3      | Found Rato Fyi's Distillery.
  2722 | D:3      | Bought 2 potions of curing for 72 gold pieces
  2726 | D:3      | Found an ancient bone altar of Kikubaaqudgha.
  3084 | D:3      | Found a sparkling altar of Nemelex Xobeh.
  3525 | D:3      | Found a sacrificial altar of Ru.
  3715 | D:3      | Reached XP level 5. HP: 36/54 MP: 5/5
  4273 | D:4      | Found a shadowy altar of Dithmenos.
  4535 | D:4      | Killed a phantom
  4536 | D:4      | Reached XP level 6. HP: 16/62 MP: 6/6
  4562 | D:3      | HP: 2/62 [howler monkey (6)]
  4562 | D:3      | Slain by a phantom

Illustrated notes

Levels and vault maps discovered:
D:1:      kennysheep_arrival_forest, layout_loops_cross,
          chequers_serial_rivers_small_3
D:2:      wander_river, layout_rooms, shapermc_ecumenical_altar_mp_highgroup,
          minmay_hexomino_u4
D:3:      layout_basic, mainiacjoe_overflow_chevrons,
          nemelex_spade_bored_becter, mainiacjoe_overflow_catwalk, serial_shops,
          nicolae_shop_waterfront, fountainhead
D:4:      layout_rooms, amcnicky_altar_gilded, mainiacjoe_overflow_boulevard,
          hangedman_decor_push

Skill      XL: |  1  2  3  4  5 |
---------------+----------------+-----
Long Blades    | 2 3 4 |  4.8
Dodging        | 3 |  3.4
Fighting       | |  4.0
Shields        | |  3.7

Action                   |  1- 3 |  4- 6 || total
-------------------------+-------+-------++-------
Melee: Long sword        |   149 |   150 ||   299
  Use: Potion            |       |     3 ||     3
       Scroll            |       |     1 ||     1
Armor: Robe              |    71 |    50 ||   121
Dodge: Dodged            |    80 |    73 ||   153
Block: Kite shield       |    70 |    89 ||   159
